 Dungeon Crawl Stone Soup version 0.23.2-1-ga50397a (webtiles) character file.

Game seed: 17958258066679422533

37 schauveau the Sneak (level 3, -1/24 HPs)
             Began as an Octopode Assassin on May 2, 2019.
             Slain by a jackal (2 damage)
             ... on level 2 of the Dungeon.
             The game lasted 00:01:15 (438 turns).

schauveau the Sneak (Octopode Assassin)              Turns: 438, Time: 00:01:16

Health: -1/24      AC:  1    Str: 10    XL:     3   Next: 41%
Magic:  3/3        EV: 13    Int: 13    God:
Gold:   8          SH:  0    Dex: 14    Spells: 2/2 levels left

rFire    . . .     SeeInvis .   b - +0 blowgun
rCold    . . .     Gourm    .   (no shield)
rNeg     . . .     Faith    .   (helmet restricted)
rPois    .         Spirit   .   (no amulet)
rElec    .         Reflect  .   (no ring)
rCorr    .         Harm     .   (no ring)
MR       .....                  (no ring)
Stlth    ++++......             (no ring)
HPRegen  0.08/turn              (no ring)
MPRegen  0.08/turn              (no ring)
                                (no ring)
                                (no ring)

@: no status effects
A: almost no armour, stealthy swim, amphibious, 8 rings, constrict 8, camouflage
1, gelatinous body 1
a: no special abilities


You were on level 2 of the Dungeon.
You were not hungry.

You visited 1 branch of the dungeon, and saw 2 of its levels.

You collected 8 gold pieces.

Inventory:

Hand Weapons
 a - a +2 dagger
 b - a +0 blowgun (weapon)
Missiles
 c - a poisoned needle (quivered)
 d - 2 curare-tipped needles
 i - 21 arrows
Scrolls
 h - 2 scrolls of identify {unknown}
 j - a scroll of teleportation {unknown}
Potions
 e - a potion of haste {unknown}
Comestibles
 f - 3 rations
 g - 7 chunks of flesh


   Skills:
 + Level 2.2 Fighting
 + Level 2.2 Short Blades
 + Level 2.2 Throwing
 + Level 1.0 Dodging
 + Level 6.4 Stealth


You had 2 spell levels left.
You didn't know any spells.
Your spell library was empty.

Dungeon Overview and Level Annotations

Branches:
Dungeon (2/15)

Altars:
Trog


Innate Abilities, Weirdness & Mutations

You cannot wear most types of armour.
You are very stealthy in the water. (Stealth+)
You are amphibious.
You can wear up to eight rings at the same time.
You can use your tentacles to constrict eight enemies at once.
Your skin changes colour to match your surroundings (Stealth+).
Your rubbery body absorbs attacks. (AC +1, EV +1)


Message History

The poisoned needle barely misses the worm.
Firing (i - inventory. (/) - cycle)
c - 3 poisoned needles (quivered)
Press: ? - help, Shift-Dir - straight line, f/p - worm
Aim: a worm (moderately wounded, poisoned)
You shoot a poisoned needle. The poisoned needle hits the worm!
The worm looks as sick as possible!
The worm is moderately wounded.
The jackal barks!
You hear an angry hiss.
The jackal barely misses you.
You kill the worm!
The jackal barely misses you. The jackal bites you.
* * * LOW HITPOINT WARNING * * *
Firing (i - inventory. (/) - cycle)
c - 2 poisoned needles (quivered)
Press: ? - help, Shift-Dir - straight line, f - jackal
Aim: a jackal You shoot a poisoned needle.
The poisoned needle closely misses the jackal.
The jackal bites you.
You die...

#.(...............###
###.###.#####.... ....
#..............## ### # #
#.#.###.......... ..## #.
#.#.###.......### #.#
#.###.#.#.........# #†
#.......#.#.......# #†
#..##.###.#.......########.
#.........@h....†(.(.((..((
##.#.####.#################
#.#.# #.# #.#.# #.# #.#.#
#.# #.#.# #.# #...# #.#
##.######<#########
#..................


You could see a jackal.

Vanquished Creatures
  2 adders (D:2)
  A worm (D:2)
  A leopard gecko (D:1)
  A giant cockroach (D:1)
  2 goblins
  3 hobgoblins
  A jackal (D:2)
  2 kobolds (D:1)
  A frilled lizard (D:1)
  A rat (D:2)
15 creatures vanquished.

Notes
Turn   | Place    | Note
-------+----------+-------------------------------------------
     0 | D:1      | schauveau the Octopode Assassin began the quest for the
                  | Orb.
     0 | D:1      | Reached XP level 1. HP: 14/14 MP: 1/1
   294 | D:1      | Reached XP level 2. HP: 19/19 MP: 2/2
   331 | D:2      | Found a bloodstained altar of Trog.
   403 | D:2      | Reached skill level 6 in Stealth
   407 | D:2      | Reached XP level 3. HP: 9/24 MP: 3/3
   437 | D:2      | HP: 1/24 [jackal (3)]
   438 | D:2      | Slain by a jackal

Skill      XL: |  1  2 |
---------------+-------+-----
Stealth        | 6 |  6.4
Fighting       | |  2.2
Short Blades   | |  2.2
Throwing       | |  2.2
Dodging        | |  1.0

Action                   || total
-------------------------++-------
Melee: Dagger            ||    31
       Constrict         ||     8
       Tentacles         ||     8
 Fire: Blowgun           ||     7
Armor: Skin              ||     2
Dodge: Dodged            ||    17
